 Dungeon Crawl Stone Soup version 0.30-b1-2-g02819fbbbe (webtiles) character file.

Game seed: 17961775260512403429

1213 Arcadio the Covered (level 8, -7/73 HPs)
             Began as an Armataur Warper on May 15, 2023.
             Was an Initiate of Hepliaklqana.
             Mangled by an ice beast (15 damage)
             ... on level 5 of the Dungeon.
             The game lasted 00:08:33 (4362 turns).

Arcadio the Covered (Armataur Warper)               Turns: 4362, Time: 00:08:34

Health: -7/73      AC: 13    Str: 19    XL:     8   Next: 22%
Magic:  10/10      EV:  4    Int: 14    God:    Hepliaklqana [......]
Gold:   202        SH:  0    Dex:  7    Spells: 6/10 levels left

rFire   + . .        w - +5 whip of Evolution {freeze, rElec rPois Dex-2 Stlth+}
rCold   x . .        (no shield)
rNeg    . . .        o - +0 plate armour
rPois   +            (no helmet)
rElec   +            g - +0 cloak
rCorr   .            k - +0 pair of gloves
SInv    .            (no barding)
Will    .....        (no amulet) Stlth
                     y - ring of fire
HPRegen 0.32/turn    (no ring)
MPRegen 0.12/turn

%: roll
@: no status effects
A: large, rugged brown scales 3, deformed body, armoured tail, roll, long
tongue, awkward tongue
a: Renounce Religion


You were on level 5 of the Dungeon.
You worshipped Hepliaklqana.
Hepliaklqana was noncommittal.
You visited 1 branch of the dungeon, and saw 5 of its levels.

You collected 202 gold pieces.

Inventory:

Hand Weapons
 a - a +0 mace
 f - a +0 flail
 w - the +5 whip of Evolution (weapon) {freeze, rElec rPois Dex-2 Stlth+}
   (You found it on level 3 of the Dungeon)

   Dex:       It affects your dexterity (-2).
   rElec:     It insulates you from electricity.
   rPois:     It protects you from poison.
   Stlth:     It makes you more stealthy.
Missiles
 d - 7 boomerangs of dispersal (quivered)
 n - 2 throwing nets
Armour
 b - a +0 leather armour
 g - a +0 cloak (worn)
 k - a +0 pair of gloves (worn)
 o - a +0 plate armour (worn)
Jewellery
 y - a ring of fire (left hand)
 B - a ring of willpower
Scrolls
 c - 2 scrolls of blinking
 h - a scroll of teleportation {unknown}
 p - a scroll of immolation {unknown}
 q - a scroll of magic mapping
 r - a scroll of identify {unknown}
 s - a scroll of fear
 t - a scroll of fog {unknown}
 u - a scroll of silence {unknown}
 x - a scroll of noise {unknown}
 A - a scroll of brand weapon {unknown}
Potions
 e - a potion of brilliance {unknown}
 i - a potion of magic {unknown}
 j - a potion of lignification
 l - a potion of haste
 m - a potion of experience {unknown}
 v - a potion of attraction
 z - a potion of berserk rage {unknown}
 C - a potion of heal wounds
 D - a potion of curing {unknown}


   Skills:
 + Level 5.4 Fighting
 + Level 5.4 Maces & Flails
 - Level 0.8 Throwing
 + Level 6.8 Armour
 - Level 1.3 Dodging
 - Level 1.7 Spellcasting
 - Level 3.0 Translocations


You had 6 spell levels left.
You knew the following spells:

 Your Spells              Type           Power      Damage    Failure   Level
a - Blink                 Tloc           18%        N/A       95%         2
b - Lesser Beckoning      Tloc           18%        N/A       95%         2

Your spell library contained the following spells:

 Spells                   Type           Power      Damage    Failure   Level
 Kiss of Death            Conj/Necr      4%         2d5       99%         1
 Teleport Other           Tloc           9%         N/A       99%         3
 Confusing Touch          Hex            1%         N/A       100%        3
 Vhi's Electric Charge    Tloc/Air       10%        N/A       100%        3
 Dispel Undead            Necr           1%         3d6       100%        4
 Manifold Assault         Tloc           9%         N/A       100%        4


Dungeon Overview and Level Annotations

Branches:
Dungeon (5/15) Zot: 25632
 Temple: D:4-7

Altars:
Hepliaklqana

Shops:
D:1 (


Innate Abilities, Weirdness & Mutations

You are completely covered in rugged brown scales. (AC +3, +7% HP)
Armour fits poorly on your strangely shaped body.
You have a long armoured tail.
You roll when moving toward enemies. (Rampage)
Your long tongue fully drains potion bottles. (2x potion effects)
Your tongue gives you trouble enunciating. (1.5x scroll delay)


Message History

The ice beast barely misses you.
You hit the ice beast.
The ice beast is lightly wounded.
The ice beast barely misses you.
You barely miss the ice beast.
The ice beast is lightly wounded.
The ice beast hits you. The ice beast freezes you!
You feel a terrible chill!
You hit the ice beast.
Your tail-slap misses the ice beast.
The ice beast is lightly wounded.
The ice beast hits you. The ice beast freezes you!
You feel a terrible chill!
You whack the ice beast!
The ice beast is moderately wounded.
You hit the ice beast.
Your tail-slap misses the ice beast.
The ice beast is moderately wounded.
The ice beast hits you but does no damage.
You closely miss the ice beast.
The ice beast is moderately wounded.
The ice beast hits you but does no damage.
You hit the ice beast but do no damage.
The ice beast is moderately wounded.
The ice beast hits you. The ice beast freezes you!
You feel a terrible chill!
You barely miss the ice beast.
The ice beast is moderately wounded.
The ice beast hits you but does no damage.
You hit the ice beast. You tail-slap the ice beast!
Your punch misses the ice beast.
The ice beast is severely wounded.
The ice beast barely misses you.
You barely miss the ice beast.
The ice beast is severely wounded.
The ice beast hits you. The ice beast freezes you!!
You feel a terrible chill!
* * * LOW HITPOINT WARNING * * *
You closely miss the ice beast.
Your tail-slap misses the ice beast.
The ice beast is severely wounded.
You barely miss the ice beast.
The ice beast is severely wounded.
The ice beast hits you.
* * * LOW HITPOINT WARNING * * *
The ice beast freezes you!
You feel a terrible chill!
You die...

**++****,,** **,,,,,,,,,,**
*,,*,,,,..#* *,,,,,,,,,,,**
***,*,,,,...#* **,,,,,,,,,,,**
***,,,***#...#* **,,,..,,,,,,*
,,,,,,* *#...#* *,,...,,,,,,,
,,,,,** *#...#* **.....,,***,
,,,,** *#...### *#.....,,****
,,,,** *#....###.........##*
,,,,,** ##.@..............##
,,,,,,** #..Y................
,***,,,****###...........>.......
** ***,,,*#...........[..........
* **,,,...#####...............
****###* ##.............#
#..........)#** ##...##......#
#...####[<..##


You could see an ice beast.

Vanquished Creatures
  Pikel (D:4)
  Grinder (D:4)
  3 hounds
  2 gnoll boudas (D:4)
  3 iguanas (D:4)
  3 orc wizards (D:4)
  14 gnolls
  5 adders
  An ufetubus (D:4)
  A worm (D:2)
  2 dart slugs
  An orc (D:4)
  14 endoplasms
  3 giant cockroaches (D:1)
  4 goblins
  11 hobgoblins
  3 quokkas
  9 ball pythons
  5 bats
  7 frilled lizards
  11 kobolds
  7 rats
111 creatures vanquished.

Notes
Turn   | Place    | Note
-------+----------+-------------------------------------------
     0 | D:1      | Arcadio the Armataur Warper began the quest for the Orb.
     0 | D:1      | Reached XP level 1. HP: 18/18 MP: 3/3
   146 | D:1      | Found Soyrphyv's Weapon Shoppe.
   162 | D:1      | Reached XP level 2. HP: 24/25 MP: 4/4
   396 | D:1      | Reached skill level 2 in Armour
   698 | D:1      | Reached XP level 3. HP: 28/31 MP: 5/5
  1198 | D:2      | Reached XP level 4. HP: 39/39 MP: 6/6
  1408 | D:2      | Learned a level 2 spell: Blink
  1411 | D:2      | Learned a level 2 spell: Lesser Beckoning
  1560 | D:2      | Reached skill level 3 in Armour
  2439 | D:3      | Identified the +5 whip of Evolution {freeze, rElec rPois
                  | Dex-2 Stlth+}
  2761 | D:3      | Found a faded altar of an unknown god.
  2775 | D:3      | Found a faded altar of an unknown god.
  2973 | D:4      | Reached XP level 5. HP: 40/48 MP: 7/7
  3002 | D:4      | Found a faded altar of an unknown god.
  3005 | D:4      | Found a hazy altar of Hepliaklqana.
  3017 | D:4      | Became a worshipper of Hepliaklqana the Forgotten
  3107 | D:4      | Reached skill level 4 in Armour
  3115 | D:4      | Reached XP level 6. HP: 23/54 MP: 8/8
  3402 | D:4      | Noticed Grinder
  3417 | D:4      | Paralysed by Grinder for 3 turns
  3427 | D:4      | Killed Grinder
  3428 | D:4      | Reached skill level 5 in Armour
  3444 | D:4      | Reached XP level 7. HP: 31/63 MP: 9/9
  3497 | D:4      | HP: 3/64 [gnoll/+0 spear of venom[a gnoll bouda] (7)]
  3706 | D:4      | Noticed Pikel
  3726 | D:4      | Killed Pikel
  3727 | D:4      | Reached skill level 5 in Fighting
  3727 | D:4      | Reached skill level 5 in Maces & Flails
  3727 | D:4      | Reached skill level 6 in Armour
  3727 | D:4      | Reached XP level 8. HP: 24/72 MP: 10/10
  4291 | D:5      | Entered Level 5 of the Dungeon
  4362 | D:5      | Mangled by an ice beast

Illustrated notes

Levels and vault maps discovered:
D:1:      kennysheep_arrival_seaside, layout_loops_ring, serial_shops,
          nicolae_shop_bloodbath_and_beyond
D:2:      layout_basic
D:3:      layout_basic, hellmonk_ecumenical_altar_the_god_not_taken
D:4:      layout_loops_ring, beargit_hepliaklqana_dungeon_heroes, uniq_grinder,
          uniq_pikel
D:5:      layout_layer_cave, kennysheep_generic_room_6, uniq_prince_ribbit1

Skill      XL: |  1  2  3  4  5  6  7 |
---------------+----------------------+-----
Fighting       | 2 3 4 5 |  5.4
Maces & Flails | 2 3 4 5 |  5.4
Armour         | 2 3 4 5 6 |  6.8
Throwing       | |  0.8
Dodging        | |  1.3
Spellcasting   | |  1.7
Translocations | |  3.0

Action                     |  1- 3 |  4- 6 |  7- 9 || total
---------------------------+-------+-------+-------++-------
  Melee: Mace              |    29 |       |       ||    29
         Tailslap          |    12 |    21 |     8 ||    41
         Flail             |    81 |    51 |       ||   132
         Whip              |       |   111 |    96 ||   207
         Punch             |       |     2 |       ||     2
    Use: Potion            |       |       |     5 ||     5
         Scroll            |       |       |     2 ||     2
 Armour: Leather armour    |    41 |     8 |       ||    49
         Plate armour      |       |    87 |    37 ||   124
         Skin              |       |       |     5 ||     5
  Dodge: Dodged            |    63 |    34 |     8 ||   105
